Map: Proxima Station LE

Players

MonkeySpawnX

  • Race: Protoss Protoss
  • League: Gold
  • Spawn Location: 7:00

Archer - Winner!

  • Race: Terran Terran
  • League: Silver
  • Spawn Location: 1:00

VOD

Have the link to the VOD?

Description

Time

  • Played on: April 3, 2017, 6:39 p.m.
  • Length: 7:10
Show
View Real Time Build Order
Export as new Build Order

MonkeySpawnX Protoss 

Build Orders:  

Get SALT Encoding   

  12  0:01  Probe (Chrono Boost)  
  13  0:11  Probe (Chrono Boost)  
  14  0:22  Probe (Chrono Boost)  
  15  0:29  Pylon  
  15  0:47  Probe (Chrono Boost)  
  15  0:48  Gateway  
  16  0:51  Assimilator  
  16  0:52  Assimilator  
  16  0:58  Probe (Chrono Boost)  
  17  1:08  Probe (Chrono Boost)  
  18  1:19  Probe (Chrono Boost)  
  19  1:29  Probe (Chrono Boost)  
  19  1:30  Pylon  
  20  1:35  Cybernetics Core  
  20  1:51  Forge  
  20  1:57  Gateway  
  21  2:12  Mothership Core (Chrono Boost)  
  22  2:19  Warp Gate  
  22  2:31  Gateway  
  22  2:39  Photon Cannon  
  22  2:47  Photon Cannon  
  22  2:58  Gateway  
  21  3:26  Robotics Facility  
  21  3:41  Pylon  
  22  3:56  Probe (Chrono Boost)  
  22  4:06  Twilight Council  
  22  4:08  Probe (Chrono Boost)  
  23  4:10  Warp Prism  
  25  4:20  Probe (Chrono Boost)  
  26  4:32  Probe (Chrono Boost)  
  26  4:44  Probe (Chrono Boost)  
  27  4:48  Stalker x2  
  31  5:01  Dark Shrine  
  31  5:21  Nexus  
  31  5:34  Probe (Chrono Boost)  
  32  5:46  Probe (Chrono Boost)  
  32  5:58  Probe (Chrono Boost)  
  30  6:10  Probe (Chrono Boost)  
  31  6:15  Dark Templar x2  
  17  6:29  Dark Templar x2  
  16  6:36  Pylon  
Show
View Real Time Build Order
Export as new Build Order

Archer Terran - Winner!

Build Orders:  

Get SALT Encoding   

  12  0:00  SCV  
  13  0:13  SCV  
  14  0:23  Supply Depot  
  14  0:27  SCV  
  15  0:45  SCV  
  15  0:47  Barracks  
  16  0:56  Barracks  
  16  0:57  SCV  
  17  1:09  SCV  
  18  1:21  SCV  
  19  1:26  Refinery  
  19  1:33  SCV  
  19  1:36  Supply Depot  
  19  1:37  Marine  
  21  1:46  Orbital Command  
  21  1:47  Marine  
  22  1:55  Marine  
  23  2:02  Barracks  
  23  2:05  Marine  
  24  2:11  SCV  
  25  2:22  Barracks Tech Lab  
  25  2:23  Marine  
  25  2:29  Barracks  
  26  2:40  Marine  
  26  2:41  Marine  
  26  2:43  SCV  
  29  2:58  Marine  
  29  2:59  Marine  
  31  3:06  Marine  
  31  3:08  Supply Depot  
  31  3:09  SCV  
  33  3:15  Barracks  
  33  3:16  Marine  
  33  3:17  Marine  
  33  3:18  Barracks Reactor  
  35  3:30  Marine  
  35  3:32  SCV  
  35  3:34  Marine  
  37  3:35  Marine  
  39  3:43  Supply Depot  
  39  3:48  Factory, Marine  
  40  3:52  Marine x2  
  40  3:53  SCV  
  43  3:58  Marine x2  
  45  4:05  SCV  
  45  4:06  Marine  
  45  4:09  Marine  
  49  4:17  Marine x3, SCV  
  49  4:31  Marine x2  
  49  4:33  SCV  
  49  4:35  Marine  
  53  4:38  Factory Tech Lab  
  53  4:39  Supply Depot  
  53  4:42  Stimpack  
  53  4:45  SCV  
  51  4:55  Marine x2  
  51  4:56  Marine  
  54  5:04  Marine x2  
  55  5:11  SCV  
  55  5:13  Marine x3  
  59  5:23  SCV  
  59  5:24  Marine x2  
  62  5:29  Marine  
  63  5:37  Supply Depot  
  63  5:38  Starport  
  63  5:51  Marine  
  63  5:58  Marine x3, SCV  
  65  6:11  SCV  
  61  6:17  Marine x2  
  61  6:18  Marine x4  
  64  6:35  Marine  
  65  6:45  Marine x5  
Tags
 
Add a new tag
Caveats
  • Supply blocks, unpowered buildings, or Contaminate may cause inaccurate times.
  • Supply counts are checked every 10 seconds.